 Dungeon Crawl Stone Soup version 0.27.0-65-ge2af304b15 (webtiles) character file.

Game seed: 16816812629608286318

4 Malachi the Ducker (level 1, 0/17 HPs)
             Began as a Ghoul Gladiator on Aug 19, 2021.
             Slain by a kobold (4 damage)
             ... on level 1 of the Dungeon.
             The game lasted 00:00:20 (397 turns).

Malachi the Ducker (Ghoul Gladiator)                 Turns: 397, Time: 00:00:21

Health: 0/17       AC:  5    Str: 17    XL:     1   Next: 70%
Magic:  0/0        EV: 12    Int:  3    God:
Gold:   33         SH:  0    Dex: 10    Spells: 0/0 levels left

rFire    . . .     SeeInvis .   a - +0 war axe
rCold    + . .     Faith    .   (no shield)
rNeg     + + +     Spirit   .   b - +0 leather armour
rPois    ∞         Reflect  .   c - +0 helmet
rElec    .         Harm     .   (no cloak)
rCorr    .         Rampage  .   f - +0 pair of gloves
Will     .....                  (no boots)
Stlth    +.........             (no amulet)
HPRegen  0.00/turn              (no ring)
MPRegen  0.07/turn              (no ring)

@: inhibited regen
A: claws 1, cold resistance 1, negative energy resistance 3, inhibited
regeneration, torment resistance 2
a: no special abilities


You were on level 1 of the Dungeon.
You visited 1 branch of the dungeon, and saw 1 of its levels.

You collected 33 gold pieces.

Inventory:

Hand Weapons
 a - a +0 war axe (weapon)
Missiles
 d - 3 throwing nets (quivered)
Armour
 b - a +0 leather armour (worn)
 c - a +0 helmet (worn)
 f - a +0 pair of gloves (worn)
Potions
 e - 2 potions of ambrosia {unknown}
 g - a potion of resistance {unknown}


   Skills:
 + Level 2.1 Fighting
 + Level 2.8 Axes
 + Level 1.7 Throwing
 + Level 2.9 Dodging


You couldn't memorise any spells.
You didn't know any spells.
Your spell library contained the following spells:

 Spells                   Type           Power      Damage    Failure   Level
 Dispersal                Tloc           0%         N/A       100%        6
 Disjunction              Tloc           0%         N/A       100%        8


Dungeon Overview and Level Annotations

Branches:
Dungeon (1/15)

Altars:


Innate Abilities, Weirdness & Mutations

You thrive by killing the living.
You are immune to poison.
You have sharp fingernails.
Your flesh is cold resistant. (rC+)
You are immune to negative energy. (rN+++)
You do not regenerate when monsters are visible.
You are immune to unholy pain and torment.


Message History

The kobold hits you with a +0 short sword.
You completely miss the kobold.
The kobold is heavily wounded.
The kobold barely misses you.
You miss the kobold.
The kobold is moderately wounded.
The kobold hits you but does no damage.
You barely miss the kobold.
The kobold is moderately wounded.
The kobold hits you with a +0 short sword.
* * * LOW HITPOINT WARNING * * *
The kobold barely misses you.
You are too injured to fight recklessly!
You are too injured to fight recklessly!
You are too injured to fight recklessly!
You hit the kobold.
The kobold is severely wounded.
The kobold barely misses you.
You barely miss the kobold.
The kobold is heavily wounded.
The kobold closely misses you.
You completely miss the kobold.
The kobold is heavily wounded.
The kobold closely misses you. The kobold barely misses you.
You closely miss the kobold.
The kobold is heavily wounded.
The kobold closely misses you.
You miss the kobold.
The kobold is heavily wounded.
The kobold barely misses you.
You hit the kobold but do no damage.
The kobold is heavily wounded.
The kobold hits you but does no damage. The kobold closely misses you.
You closely miss the kobold.
The kobold is heavily wounded.
The kobold closely misses you.
You closely miss the kobold.
The kobold is heavily wounded.
The kobold hits you with a +0 short sword.
You die...

##... # ... ##.##
##.## ##### ##..##
#...# .....## #...#
..♣♣..######.## #
..P...........####.#
.P♣...###.....#.@K.#
..♣.......###.#.####
....#.|#....#.#.#
+...+..#.#..#.#.#
#...#....#..#.#.#
....####.#..#...#
....# #.#..#####
....# #.#..# .####
#.#..#


You could see a kobold.

Vanquished Creatures
  An endoplasm (D:1)
  A hobgoblin (D:1)
  2 ball pythons (D:1)
4 creatures vanquished.

Notes
Turn   | Place    | Note
-------+----------+-------------------------------------------
     0 | D:1      | Malachi the Ghoul Gladiator began the quest for the Orb.
     0 | D:1      | Reached XP level 1. HP: 17/17 MP: 0/0
   397 | D:1      | Slain by a kobold

Illustrated notes

Levels and vault maps discovered:
D:1:      nicolae_arrival_somewhat_less_tricky_arrival, layout_basic,
          serial_rivers, chequers_serial_rivers_micro_c,
          chequers_serial_rivers_small_a, chequers_serial_rivers_micro_a,
          chequers_serial_rivers_room_b, chequers_serial_rivers_large_a,
          serial_park_tiny_2, minmay_misc_feat_tower

Action                   || total
-------------------------++-------
Melee: War axe           ||    29
Armor: Leather armour    ||     7
Dodge: Dodged            ||    22
